Map: Orbital Shipyard

Players

aOtherGuy

  • Race: Terran Terran
  • League: Diamond

Victor - Winner!

  • Race: Terran Terran
  • League: Diamond

VOD

Have the link to the VOD?

Description

Time

  • Played on: March 7, 2016, 1:15 p.m.
  • Length: 7:42
Show
View Real Time Build Order
Export as new Build Order

aOtherGuy Terran 

Build Orders: Liberator Opening 

Get SALT Encoding   

  12  0:01  SCV  
  13  0:13  SCV  
  14  0:22  Supply Depot  
  14  0:25  SCV  
  15  0:42  Refinery  
  15  0:43  SCV  
  15  0:44  Barracks  
  16  0:55  SCV  
  17  1:07  SCV  
  18  1:20  SCV  
  19  1:34  Orbital Command  
  19  1:37  Marine  
  20  1:46  Command Center  
  20  1:56  Factory  
  20  2:02  SCV  
  20  2:06  Barracks Tech Lab  
  21  2:14  SCV  
  22  2:21  Refinery  
  21  2:26  SCV  
  22  2:33  Stimpack  
  22  2:38  SCV  
  22  2:42  Supply Depot  
  23  2:58  SCV, Starport  
  24  2:59  Orbital Command  
  24  3:10  Barracks  
  24  3:12  Barracks  
  24  3:25  SCV  
  25  3:27  Factory Tech Lab  
  25  3:31  Engineering Bay, Liberator  
  25  3:37  SCV  
  25  3:40  SCV  
  30  3:49  SCV  
  30  3:52  SCV  
  32  3:57  Siege Tank  
  32  4:01  SCV  
  32  4:02  Barracks Reactor  
  36  4:12  Barracks Reactor  
  36  4:13  SCV  
  37  4:21  Refinery  
  37  4:22  Refinery  
  37  4:25  SCV  
  38  4:36  Starport Reactor  
  38  4:37  SCV  
  39  4:40  Marine x3  
  39  4:45  SCV  
  43  4:49  SCV  
  44  4:56  Missile Turret  
  44  4:57  SCV  
  44  4:58  Marine  
  46  5:00  Marine  
  46  5:02  Command Center, SCV  
  46  5:03  Marine  
  46  5:07  Marine  
  46  5:20  Marine x2  
  46  5:27  SCV  
  46  5:30  Marine  
  46  5:53  Supply Depot  
  46  6:13  Marine x5, SCV x2, Medivac  
  56  6:25  SCV x2  
  56  6:31  Marine x5  
  61  6:37  SCV x2  
  63  6:41  Siege Tank  
  66  6:48  Marine x2, Orbital Command  
  66  6:49  Marine x2  
  66  6:51  SCV  
  66  6:52  SCV  
  66  6:53  Medivac x2  
  68  7:07  Supply Depot x3  
  66  7:09  Supply Depot  
  66  7:15  Barracks Tech Lab  
  66  7:24  Supply Depot  
  66  7:25  Supply Depot  
  66  7:28  SCV x2  
Show
View Real Time Build Order
Export as new Build Order

Victor Terran - Winner!

Build Orders:  

Get SALT Encoding   

  12  0:01  SCV  
  13  0:13  SCV  
  14  0:17  Supply Depot  
  14  0:25  SCV  
  15  0:39  SCV, Barracks  
  16  0:45  Refinery  
  16  0:51  SCV  
  17  1:03  SCV  
  18  1:15  SCV  
  19  1:30  Orbital Command  
  19  1:34  Barracks Reactor  
  19  1:40  Command Center  
  19  1:55  Refinery, SCV, Supply Depot  
  20  2:08  SCV  
  21  2:11  Marine x2  
  22  2:22  Factory  
  22  2:25  SCV  
  23  2:31  Marine  
  23  2:32  Marine  
  25  2:37  SCV  
  26  2:46  Supply Depot  
  26  2:49  Marine x2, SCV  
  29  3:01  SCV  
  29  3:04  Orbital Command  
  30  3:09  Starport  
  30  3:14  SCV  
  30  3:17  Barracks Tech Lab  
  30  3:19  Hellion  
  33  3:24  Hellion  
  35  3:35  SCV x2  
  35  3:41  Hellion  
  39  3:45  Hellion  
  41  3:53  Medivac  
  43  3:56  SCV x2  
  43  4:02  Supply Depot x2  
  45  4:12  SCV x2  
  45  4:16  Engineering Bay, Marine, Siege Tank  
  51  4:19  Marine  
  52  4:28  SCV x2  
  52  4:31  Viking  
  56  4:43  Missile Turret  
  56  4:44  Missile Turret  
  56  4:48  SCV x2  
  56  4:50  Siege Tank  
  61  5:01  Marine x2  
  63  5:15  Barracks  
  63  5:16  Barracks  
  63  5:17  Command Center  
  63  5:25  Marine  
  63  5:26  Marine, Siege Tank  
  63  5:27  Viking  
  63  5:28  SCV  
  69  5:43  Marine  
  70  5:51  Supply Depot  
  70  5:52  Supply Depot  
  70  5:53  Marine  
  71  5:58  Siege Tank  
  71  6:01  Engineering Bay, SCV  
  71  6:03  Barracks Tech Lab, Armory  
  71  6:04  Barracks Tech Lab  
  75  6:09  Marine  
  77  6:11  SCV  
  77  6:13  SCV  
  72  6:32  Marine  
  72  6:33  Marine, Marauder  
  72  6:38  Marauder  
  72  6:39  SCV x2  
  80  6:50  Marine  
  80  6:56  Marine, Marauder  
  80  6:59  Marine  
  82  7:14  Marine  
  83  7:17  SCV x2  
  83  7:20  Barracks  
  85  7:26  Barracks  
  85  7:28  Barracks  
  85  7:29  Barracks  
Tags
 
Add a new tag
Caveats
  • Supply blocks, unpowered buildings, or Contaminate may cause inaccurate times.
  • Supply counts are checked every 10 seconds.